cohdb
Replays
Latest Replays
All Replays
Popular Replays
Top Player Replays
Match Explorer
How It Works
Community
CoH3 Stats
Reddit
Sign in to upload your games and track your stats! →
Sign in with Steam
Match 47037332
Unlisted
Match 47037332
Overview
Messages
Build Orders
End
Kettenkrad Recon Vehicle
Selects Italian Coastal Battlegroup
Selects Coastal Reserves
Coastal Reserve
Coastal Reserve
Construct Infanterie Kompanie
GrW 34 Mortar Team
Coastal Reserve
Selects Artillery Officer
Artillery Officer
Construct Panzergrenadier Kompanie
Selects Designate Defensive Line
Pak 40 Anti-tank Gun Team
Selects Rapid Fortifications
Selects Rapid Fortifications
Panzergrenadier Squad
Rapid Fortifications
MG 42 Bunker
Designate Defensive Line
Medical Bunker
Construct Panzer Kompanie
Panzergrenadier Officer Quarters
Panzergrenadier Squad
Panzer IV Medium Tank
Designate Defensive Line
Pioneer Squad
Coastal Reserve
Rapid Fortifications
Medical Bunker
Designate Defensive Line
Medical Station
Selects Bulwark
Selects Obice da 210/22 Artillery Emplacement
DIKE815_KR
Zehel
[BH}Foreigner
宇杰
Oziligath
Pfc. Nicolas Venril
Vet. Andrew Phillips
Lt.Col. Stan Ocelot "Lancelot"
0
0
Comments
sign in to comment!
No comments posted yet!